 Dungeon Crawl Stone Soup version 0.27-a0-512-g57cc695410 (webtiles) character file.

Game seed: 10714463978968003303

25 dickylongcocking the Grave Robber (level 3, -3/21 HPs)
             Began as an Octopode Necromancer on Mar 4, 2021.
             Killed from afar by Natasha (9 damage)
             ... with a puff of flame
             ... on level 1 of the Dungeon.
             The game lasted 00:00:59 (1509 turns).

dickylongcocking the Grave Robber (OpNe)            Turns: 1509, Time: 00:00:59

Health: -3/21      AC:  1    Str:  7    XL:     3   Next: 4%
Magic:  1/6        EV: 13    Int: 17    God:
Gold:   10         SH:  0    Dex: 13    Spells: 5/6 levels left

rFire    . . .     SeeInvis .   f - +3 dagger
rCold    . . .     Faith    .   (no shield)
rNeg     . . .     Spirit   .   (helmet restricted)
rPois    .         Reflect  .   (no amulet)
rElec    .         Harm     .   (no ring)
rCorr    .         Rampage  .   (no ring)
Will     .....                  (no ring)
Stlth    +++.......             (no ring)
HPRegen  0.07/turn              (no ring)
MPRegen  0.10/turn              (no ring)
                                (no ring)
                                (no ring)

@: no status effects
A: almost no armour, stealthy swim, amphibious, 8 rings, constrict 8, camouflage
1, gelatinous body 1
a: no special abilities


You were on level 1 of the Dungeon.
You visited 1 branch of the dungeon, and saw 2 of its levels.

You collected 10 gold pieces.

Inventory:

Hand Weapons
 e - a +0 mace
 f - a +3 dagger (weapon)
Armour
 d - a +0 kite shield
Scrolls
 b - a scroll of identify {unknown}
 h - a scroll of enchant armour {unknown}
 i - a scroll of fog {unknown}
Potions
 a - a potion of attraction {unknown}
 c - a potion of heal wounds {unknown}
 g - a potion of berserk rage {unknown}
 j - a potion of invisibility {unknown}


   Skills:
 - Level 2.0 Dodging
 * Level 3.0 Stealth
 * Level 1.0 Shields
 * Level 2.3 Spellcasting
 * Level 4.3 Necromancy


You had 5 spell levels left.
You knew the following spells:

 Your Spells              Type           Power        Failure   Level
a - Pain                  Necr           64%          3%          1

Your spell library contained the following spells:

 Spells                   Type           Power        Failure   Level
 Animate Skeleton         Necr           32%          3%          1
 Vampiric Draining        Necr           8%           10%         3
 Animate Dead             Necr           8%           30%         4
 Agony                    Necr           16%          65%         5


Dungeon Overview and Level Annotations

Branches:
Dungeon (2/15)

Altars:

Annotations:
D:1 Natasha


Innate Abilities, Weirdness & Mutations

You cannot wear most types of armour.
You are very stealthy in the water. (Stealth+)
You are amphibious.
You can wear up to eight rings at the same time.
You can use your tentacles to constrict eight enemies at once.
Your skin changes colour to match your surroundings (Stealth+).
Your rubbery body absorbs attacks. (AC +1, EV +1)


Message History

Aim: a goblin, wielding a +0 club (chance to affect: 87%)
The goblin writhes in agony.
Unknown command.
Casting: Pain (safe; 3% risk of failure)
Confirm with . or Enter, or press ? or * to list all spells.
Aiming: Pain (safe; 3% risk of failure)
Press: ? - help, Shift-Dir - straight line, f/p - goblin
Aim: a goblin, wielding a +0 club (heavily wounded, chance to affect: 87%)
The goblin writhes in agony.
Unknown command.
Natasha zaps a wand.
The puff of flame hits you!
Ouch! That really hurt!
You climb upwards.
There is a stone staircase leading down here.
Unknown command.
Casting: Pain (safe; 3% risk of failure)
Confirm with . or Enter, or press ? or * to list all spells.
Aiming: Pain (safe; 3% risk of failure)
Press: ? - help, Shift-Dir - straight line, f - Natasha
Aim: Natasha, carrying a wand of flame (23) (chance to affect: 75%) Natasha writhes in agony.
Natasha howls an incantation.
You feel disoriented.
Natasha stares at you and mumbles some strange words.
You resist with significant effort.
Unknown command.
Casting: Pain (safe; 3% risk of failure)
Confirm with . or Enter, or press ? or * to list all spells.
Aiming: Pain (safe; 3% risk of failure)
Press: ? - help, Shift-Dir - straight line, f/p - Natasha
Aim: Natasha, carrying a wand of flame (23) (moderately wounded, chance to affect: 75%) Natasha writhes in agony.
Natasha barely misses you.
Unknown command.
Casting: Pain (safe; 3% risk of failure)
Confirm with . or Enter, or press ? or * to list all spells.
Aiming: Pain (safe; 3% risk of failure)
Press: ? - help, Shift-Dir - straight line, f/p - Natasha
Aim: Natasha, carrying a wand of flame (23) (heavily wounded, chance to affect: 75%) Natasha writhes in agony.
Natasha zaps a wand.
The puff of flame hits you!
You die...

.#.##.###
#...#
#.#.....#
###.#
#.#.###.###
#.# #)..#
#...# #.#
###.###.#.#
#.#
#.....#.#
#.#
###.###.#
#.# #.# #.#
#h# #.#
#.######@#
#.#
#.(......#
#.#
##########
#####.#
......#
#######


You could see Natasha.

Vanquished Creatures
  A dart slug (D:1)
  2 leopard geckos (D:1)
  A giant cockroach (D:1)
  2 goblins (D:1)
  5 hobgoblins (D:1)
  2 kobolds (D:1)
  2 frilled lizards (D:1)
  4 rats (D:1)
19 creatures vanquished.

Notes
Turn   | Place    | Note
-------+----------+-------------------------------------------
     0 | D:1      | dickylongcocking the Octopode Necromancer began the quest
                  | for the Orb.
     0 | D:1      | Reached XP level 1. HP: 11/11 MP: 3/3
   330 | D:1      | Reached XP level 2. HP: 13/17 MP: 0/5
  1351 | D:1      | Reached skill level 1 in Shields
  1351 | D:1      | Reached XP level 3. HP: 21/21 MP: 6/6
  1498 | D:2      | Noticed Natasha
  1509 | D:1      | Killed from afar by Natasha

Illustrated notes

Levels and vault maps discovered:
D:1:      lightli_arrival_maybe_door_vault, layout_loops_ring
D:2:      layout_rooms, minmay_pentomino_z4, uniq_natasha

Skill      XL: |  1  2 |
---------------+-------+-----
Stealth        | 3 |  3.0
Shields        | 1 |  1.0
Dodging        | |  2.0
Spellcasting   | |  2.3
Necromancy     | |  4.3

Action                   || total
-------------------------++-------
Melee: Dagger            ||    23
       Constrict         ||     5
       Tentacles         ||     1
 Cast: Pain              ||    16
 Stab: Sleeping          ||     6
Armor: Skin              ||     2
Dodge: Dodged            ||     7

Table legend: (Time is in decaauts)
 A = Elapsed time spent in this place.
 B = Non-inter-level travel time spent in this place.
 C = Inter-level travel time spent in this place.
 D = Time resting spent in this place.
 E = Time spent auto-exploring this place.
 F = Levels seen in this place.
 G = Mean time per level.
                   A        B        C        D        E       F      G
               +--------+--------+--------+--------+--------+-----+--------+
         Total |   1508 |   1472 |     36 |    349 |    983 |   2 |  754.0 |
       Dungeon |   1508 |   1472 |     36 |    349 |    983 |   2 |  754.0 |
               +--------+--------+--------+--------+--------+-----+--------+

Top non-repeatable levels by time:
     D:1: 1500 daAuts
     D:2: 7 daAuts
